 Dungeon Crawl Stone Soup version 0.29-a0-876-gfc89b1a5bd (webtiles) character file.

Game seed: 16545364817723258706

494 flotson the Sneak (level 6, -3/48 HPs)
             Began as a Demonspawn Delver on July 19, 2022.
             Was an Initiate of Gozag.
             Killed by nerve-wracking pain
             ... invoked by an orc priest
              (11 damage)
             ... on level 5 of the Dungeon.
             The game lasted 00:06:01 (5029 turns).

flotson the Sneak (Demonspawn Delver)               Turns: 5029, Time: 00:06:03

Health: -3/48      AC:  9    Str: 14    XL:     6   Next: 92%
Magic:  6/6        EV: 11    Int: 13    God:    Gozag
Gold:   159        SH:  5    Dex: 15    Spells: 5/5 levels left

rFire   . . .      SeeInvis .   b - +2 whip (elec)
rCold   . . .      Faith    .   (no shield)
rNeg    . . .      Spirit   .   u - +0 ring mail
rPois   .          Reflect  +   r - +1 hat
rElec   .          Harm     .   y - +1 cloak
rCorr   .          Rampage  .   z - +0 pair of gloves
Will    .....                   (no boots)
Stlth   ++........              D - amulet of reflection
HPRegen 0.16/turn               (no ring)
MPRegen 0.10/turn               (no ring)

@: gold aura
A: antennae 1, foul stench 1, big brain 1
a: Renounce Religion, Potion Petition, Call Merchant, Bribe Branch


You were on level 5 of the Dungeon.
You worshipped Gozag.
Gozag was aware of your devotion.
You visited 2 branches of the dungeon, and saw 6 of its levels.

You collected 256 gold pieces.
You paid 97 gold pieces to Gozag.

Inventory:

Hand Weapons
 a - a +2 antimagic spear
 b - a +2 whip of electrocution (weapon)
 h - a +0 whip of draining
 v - a +0 glaive
 G - a +0 executioner's axe
Missiles
 l - a throwing net (quivered)
 q - 20 poisoned darts
 t - 7 boomerangs
Armour
 r - a +1 hat (worn)
 u - a +0 ring mail (worn)
 y - a +1 cloak (worn)
 z - a +0 pair of gloves (worn)
Jewellery
 o - a ring of fire
 D - an amulet of reflection (around neck)
Wands
 g - a wand of digging (3)
 x - a wand of roots (14)
Scrolls
 c - 2 scrolls of fog
 d - a scroll of magic mapping
 e - a scroll of fear
 f - 4 scrolls of teleportation {unknown}
 j - 2 scrolls of summoning {unknown}
 k - 10 scrolls of identify {unknown}
 p - 4 scrolls of enchant armour {unknown}
 w - a scroll of amnesia {unknown}
 C - a scroll of poison {unknown}
 H - a scroll of vulnerability {unknown}
 J - a scroll of blinking {unknown}
Potions
 i - 2 potions of curing {unknown}
 m - a potion of degeneration {unknown}
 n - 2 potions of mutation {unknown}
 s - 2 potions of attraction {unknown}
 A - 3 potions of might {unknown}
 B - a potion of lignification {unknown}
 E - a potion of flight {unknown}
 F - 2 potions of brilliance {unknown}
 I - a potion of ambrosia {unknown}


   Skills:
 + Level 4.3 Fighting
 + Level 2.5(2.8) Axes
 - Level 1.7(2.4) Polearms
 + Level 1.8 Throwing
 + Level 2.4 Armour
 + Level 3.2 Dodging
 - Level 4.5 Stealth
 + Level 2.8 Evocations


You had 5 spell levels left.
You didn't know any spells.
Your spell library contained the following spells:

 Spells                   Type           Power      Damage    Failure   Level
 Call Canine Familiar     Summ           0%         N/A       88%         3
 Portal Projectile        Hex/Tloc       0%         N/A       88%         3
 Leda's Liquefaction      Hex/Erth       0%         N/A       99%         4


Dungeon Overview and Level Annotations

Branches:
Dungeon (5/15)             Temple (1/1) D:4

Altars:
Ashenzari
Cheibriados
Gozag
Hepliaklqana
Kikubaaqudgha
Makhleb
Nemelex Xobeh
Okawaru
Qazlal
Ru
Trog
Wu Jian
Xom


Innate Abilities, Weirdness & Mutations

You have a pair of small antennae on your head.
You may rarely emit foul miasma when damaged in melee.
You have an unusually large brain. (Int +2)


Message History

You hit the orc priest.
The orc priest is severely wounded.
The orc hits you with a +0 flail. The orc priest closely misses you.
The orc hits you with a +0 hand axe.
You are too injured to fight recklessly!
You are too injured to fight recklessly!
You are too injured to fight recklessly!
You are too injured to fight recklessly!
You are too injured to fight recklessly!
You are too injured to fight recklessly!
You are too injured to fight recklessly!
You are too injured to fight recklessly!
You are too injured to fight recklessly!
You are too injured to fight recklessly!
You are too injured to fight recklessly!
You barely miss the orc priest.
The orc priest is severely wounded.
The orc hits you with a +0 flail. The orc priest misses you.
The orc barely misses you.
You hit the orc priest.
Lightning courses through the orc priest!
You kill the orc priest!
The orc is distracted by your dazzling golden aura.
The orc shouts!
You hit the orc priest.
The orc priest is lightly wounded.
The orc is no longer distracted by gold.
The orc misses you.
The orc priest mumbles some strange prayers to Beogh against you.
Beogh smites you!
* * * LOW HITPOINT WARNING * * *
You block the orc's attack.
You hit the orc priest but do no damage.
Your punch misses the orc priest.
The orc priest is lightly wounded.
The orc closely misses you.
The orc priest calls down the wrath of Beogh upon you.
Pain shoots through your body!
You die...
Your body crumbles into a pile of gold.

# #.# #.# ###.###.#
........# ###)##### #)#
#.### # # #.#.## .##
###....###########.[.#.#
+..............o@o......
####...#########o......#
# ##..# ##...#### ##.#
#.## #..# .# $ #.## .#
#.# # #.# #.#


You could see an orc priest and 2 orcs.

Vanquished Creatures
  An ice beast (D:5)
  A scorpion (D:5)
  3 hounds (D:4)
  An orc priest (D:5)
  3 gnolls (D:5)
  11 adders
  2 ufetubi (D:4)
  A dart slug (D:2)
  An orc (D:5)
  8 endoplasms
  A giant cockroach (D:1)
  7 goblins
  2 hobgoblins
  6 jackals (D:1)
  5 quokkas
  7 ball pythons
  8 bats
  5 frilled lizards
  13 kobolds
  8 rats
94 creatures vanquished.

Vanquished Creatures (others)
  10 plants
10 creatures vanquished.

Grand Total: 104 creatures vanquished

Notes
Turn   | Place    | Note
-------+----------+-------------------------------------------
     0 | D:5      | flotson the Demonspawn Delver began the quest for the Orb.
     0 | D:5      | Reached XP level 1. HP: 18/18 MP: 1/1
   269 | D:5      | Noticed a hound
   290 | D:4      | Killed a hound
   291 | D:4      | Reached skill level 1 in Evocations
   291 | D:4      | Gained mutation: You may rarely emit foul miasma when
                  | damaged in melee. [demonic ancestry]
   291 | D:4      | Reached XP level 2. HP: 10/24 MP: 2/2
   291 | D:4      | Reached XP level 3. HP: 13/29 MP: 3/3
   532 | D:3      | Reached skill level 1 in Axes
   532 | D:3      | Reached skill level 1 in Armour
   964 | D:3      | Reached XP level 4. HP: 23/35 MP: 4/4
  1192 | D:1      | Found a faded altar of an unknown god.
  2844 | D:2      | Found a burning altar of Makhleb.
  3349 | D:3      | Gained mutation: You have an unusually large brain. (Int
                  | +2) [demonic ancestry]
  3349 | D:3      | Reached XP level 5. HP: 26/42 MP: 5/5
  4179 | D:4      | Reached skill level 1 in Throwing
  4185 | D:4      | Found a sparkling altar of Nemelex Xobeh.
  4442 | D:4      | Found a staircase to the Ecumenical Temple.
  4469 | Temple   | Entered the Ecumenical Temple
  4653 | D:4      | Gained mutation: You have a pair of small antennae on your
                  | head. [demonic ancestry]
  4653 | D:4      | Reached XP level 6. HP: 46/48 MP: 6/6
  4686 | D:4      | Found an opulent altar of Gozag.
  4691 | D:4      | Became a worshipper of Gozag Ym Sagoz the Greedy
  4865 | D:5      | Noticed an ice beast
  4878 | D:5      | Killed an ice beast
  5029 | D:5      | Killed from afar by an orc priest

Illustrated notes

Levels and vault maps discovered:
D:1:      psy_arrival_radial01, layout_rooms, basic_ecumenical_altar
D:2:      layout_basic, serial_bayou, serial_bayou_pond_d, serial_bayou_shore_a,
          serial_bayou_pond_b, serial_bayou_pond_c, minivault_19,
          supply_closet_lemuel, minmay_hexomino_r4
D:3:      minmay_door_path, layout_basic, minmay_misc_feat_enclosed,
          kennysheep_generic_room_4
D:4:      layout_cave_pools, nemelex_xobeh_ov_fountains_minmay,
          gammafunk_temple_overflow_statue, minmay_temple_entry_sparse_star
D:5:      layout_loops_corners, nicolae_overflow_crystal_walls,
          mainiacjoe_overflow_six_doors_small, gammafunk_ghost_gnarly_gnolls,
          uniq_ijyb
Temple:   hellmonk_temple_flake

Skill      XL: |  1  2  3  4  5  6 |
---------------+-------------------+-----
Dodging        | 2 3 |  3.2
Evocations     | 1 2 |  2.8
Axes           | 1 2 |  2.5
Armour         | 1 2 |  2.4
Throwing       | 1 |  1.8
Fighting       | 4 |  4.3
Polearms       | |  1.7
Stealth        | |  4.5

Action                   |  1- 3 |  4- 6 || total
-------------------------+-------+-------++-------
Melee: Spear             |    95 |    39 ||   134
       Punch             |     1 |     4 ||     5
       Whip              |       |   234 ||   234
  Use: Potion            |     1 |       ||     1
 Stab: Sleeping          |     1 |     5 ||     6
Armor: Chain mail        |    40 |    52 ||    92
       Leather armour    |     2 |       ||     2
       Ring mail         |       |    97 ||    97
Dodge: Dodged            |    26 |   165 ||   191
Block: Other             |       |    24 ||    24
       Reflection        |       |     2 ||     2

Table legend: (Time is in decaauts)
 A = Elapsed time spent in this place.
 B = Non-inter-level travel time spent in this place.
 C = Inter-level travel time spent in this place.
 D = Time resting spent in this place.
 E = Time spent auto-exploring this place.
 F = Levels seen in this place.
 G = Mean time per level.
                   A        B        C        D        E       F      G
               +--------+--------+--------+--------+--------+-----+--------+
         Total |   5035 |   4867 |    168 |    387 |   3660 |   6 |  839.2 |
       Dungeon |   4870 |   4712 |    158 |    387 |   3517 |   5 |  974.0 |
        Temple |    165 |    155 |     10 |      0 |    143 |   1 |  165.0 |
               +--------+--------+--------+--------+--------+-----+--------+

Top non-repeatable levels by time:
     D:3: 1467 daAuts
     D:2: 1350 daAuts
     D:1: 845 daAuts
     D:4: 728 daAuts
     D:5: 478 daAuts
  Temple: 165 daAuts
